Map: 에버 드림 - 래더

Players

LiquidClem (Clem)

  • Race: Terran Terran
  • Spawn Location: 7:00

Solar - Winner!

  • Race: Zerg Zerg
  • Spawn Location: 1:00

Event: StayAtHomestory Cup #2

VOD

Have the link to the VOD?

Description

Time

  • Played on: June 13, 2020, 8:30 a.m.
  • Length: 16:22

All games in this series

Show
View Real Time Build Order
Export as new Build Order

LiquidClem Terran 

Build Orders: Reaper Expand, Hellion Banshee 

Get SALT Encoding   

  12  0:00  SCV  
  13  0:12  SCV  
  14  0:16  Supply Depot  
  14  0:25  SCV  
  15  0:38  SCV  
  15  0:40  Barracks  
  16  0:43  Refinery  
  16  0:50  SCV  
  17  1:02  SCV  
  18  1:14  SCV  
  19  1:27  Reaper, Orbital Command  
  20  1:37  Command Center  
  20  1:46  Supply Depot  
  20  1:53  SCV  
  21  1:59  Marine  
  22  2:05  SCV  
  22  2:07  Factory  
  23  2:14  Refinery  
  23  2:17  SCV  
  23  2:20  Barracks Reactor  
  24  2:29  SCV  
  25  2:41  SCV  
  26  2:50  Orbital Command  
  26  2:53  SCV, Starport  
  27  3:00  Hellion x2  
  31  3:06  SCV  
  31  3:08  Barracks Tech Lab  
  32  3:16  SCV  
  32  3:18  SCV  
  34  3:21  Hellion x2  
  34  3:24  Supply Depot  
  38  3:28  SCV  
  38  3:30  SCV  
  40  3:35  Cloaking Field  
  40  3:37  Banshee  
  40  3:38  Marine  
  40  3:40  SCV  
  45  3:45  Hellion  
  45  3:46  Hellion  
  45  3:47  SCV  
  45  3:48  Supply Depot  
  50  3:56  Barracks Tech Lab  
  50  3:58  SCV  
  50  3:59  SCV  
  52  4:10  SCV  
  52  4:11  SCV, Command Center  
  52  4:15  Marine  
  52  4:16  Stimpack  
  55  4:22  SCV, Factory Reactor  
  55  4:23  Banshee  
  55  4:24  SCV  
  60  4:29  Supply Depot  
  60  4:36  Barracks x2  
  60  4:38  SCV x2  
  62  4:46  Supply Depot  
  62  4:50  Engineering Bay  
  62  4:51  Marine  
  62  4:52  SCV, Engineering Bay  
  64  4:59  SCV  
  65  5:04  Supply Depot  
  65  5:05  SCV  
  66  5:08  Marine  
  66  5:11  Refinery  
  66  5:12  Refinery  
  67  5:14  SCV, Starport Reactor  
  68  5:21  Terran Infantry Armor Level 1, Terran Infantry Weapons Level 1  
  68  5:22  Orbital Command  
  68  5:30  Siege Tank  
  68  5:31  SCV x2  
  68  5:32  Marine x2  
  68  5:33  Marine x2  
  68  5:35  Marine  
  78  5:43  SCV  
  79  5:50  Marine x2  
  79  5:52  Barracks x2  
  79  5:53  Orbital Command  
  79  5:55  Combat Shield  
  79  5:56  Marine x3  
  78  5:59  SCV  
  78  6:02  Medivac, Supply Depot  
  81  6:05  Medivac  
  81  6:07  SCV  
  84  6:11  SCV  
  84  6:13  Siege Tank  
  84  6:16  Marine x2, Supply Depot  
  84  6:18  Marine  
  91  6:19  Marine  
  91  6:21  Marine  
  93  6:25  Armory  
  93  6:29  SCV x2  
  93  6:30  SCV  
  96  6:34  Missile Turret, Marine  
  96  6:35  Missile Turret  
  96  6:39  Missile Turret  
  97  6:40  Marine x2  
  97  6:41  SCV  
  97  6:43  Barracks Reactor x2  
  97  6:46  SCV x2  
  102  6:50  Siege Tank  
  102  6:53  Marine x2  
  102  6:54  Marine  
  107  6:55  Supply Depot  
  107  6:58  Marine  
  107  6:59  SCV x2  
  107  7:00  SCV  
  112  7:03  Medivac x2  
  112  7:04  Marine  
  117  7:11  Marine  
  117  7:12  SCV  
  117  7:14  Marine  
  117  7:15  Marine  
  107  7:22  Marine x4  
  100  7:23  Marine x2  
  100  7:24  Siege Tank  
  100  7:25  SCV  
  99  7:30  SCV  
  99  7:32  Barracks, Marine x2  
  99  7:33  Barracks, Marine  
  101  7:37  SCV x2, Barracks  
  101  7:38  Terran Infantry Weapons Level 2  
  101  7:42  Marine, Medivac  
  101  7:43  Marine x2  
  106  7:46  Supply Depot  
  106  7:48  Supply Depot  
  106  7:49  Marine x2  
  106  7:50  Marine x2  
  110  7:55  Terran Infantry Armor Level 2  
  110  7:56  Marine  
  111  7:58  Marine  
  111  7:59  Supply Depot  
  111  8:04  Marine x2  
  111  8:05  Marine  
  114  8:06  Siege Tank  
  114  8:08  Marine  
  114  8:09  Marine x2, Supply Depot  
  114  8:11  Marine  
  121  8:14  SCV x3  
  121  8:15  Marine  
  125  8:20  Medivac  
  125  8:21  Marine x2  
  125  8:26  Supply Depot  
  125  8:27  Marine x3  
  129  8:28  Marine x4  
  129  8:29  Marine  
  129  8:33  Marine  
  137  8:35  Command Center  
  136  8:44  Siege Tank, Marine x3  
  136  8:45  Marine x2  
  136  8:46  Marine  
  136  8:47  Marine x2, Supply Depot  
  147  8:50  Marine x2  
  147  8:53  Supply Depot  
  147  8:55  Marine x2  
  151  9:00  Supply Depot  
  151  9:01  Medivac x2  
  151  9:02  Marine x3  
  158  9:03  Marine x2  
  158  9:06  Drilling Claws  
  158  9:08  Factory  
  160  9:10  SCV x2, Refinery  
  160  9:12  Marine x2  
  160  9:16  Terran Vehicle And Ship Armor Level 1  
  162  9:19  Marine x2  
  162  9:20  Marauder  
  162  9:23  Marine x2  
  168  9:32  Barracks Reactor x2  
  168  9:33  Marine  
  168  9:35  Missile Turret  
  168  9:37  Siege Tank, Supply Depot  
  170  9:39  Marine x2  
  170  9:40  Marine x2  
  170  9:45  Medivac  
  174  9:46  Marine  
  174  9:47  Marine x2  
  174  9:51  Marine  
  178  9:54  SCV  
  178  9:57  Marine x3  
  178  9:58  Marine  
  183  10:04  Marine x3  
  186  10:09  Siege Tank, Marine  
  186  10:11  Missile Turret  
  186  10:13  Marine  
  190  10:14  Marine  
  190  10:15  Marine x3  
  190  10:20  Marine  
  187  10:23  Marauder  
  187  10:24  Terran Infantry Weapons Level 3  
  187  10:25  Marine x2  
  190  10:28  SCV x2  
  190  10:29  Missile Turret  
  190  10:31  Marine  
  190  10:35  Marine x3  
  187  10:37  Marine x2, Barracks Tech Lab x2  
  187  10:38  SCV, Marine  
  189  10:43  Refinery  
  189  10:45  Refinery  
  189  10:47  Medivac  
  189  10:48  Siege Tank, Marine  
  171  10:51  Marine  
  171  10:56  Marine  
  140  10:57  Marine x2, Marauder  
  140  10:58  Marine x2  
  140  10:59  Marine x2  
  140  11:01  Marine x2  
  140  11:03  Planetary Fortress  
  138  11:05  Factory Reactor, Marine  
  138  11:06  SCV x2  
  138  11:09  Marine  
  142  11:13  Command Center  
  142  11:14  Marine  
  142  11:15  Marine x2  
  142  11:16  Marine x2  
  147  11:19  Marine x2  
  147  11:20  Widow Mine  
  147  11:21  Marine  
  147  11:24  Terran Infantry Armor Level 3  
  152  11:29  Marine x3  
  152  11:32  Missile Turret  
  155  11:33  Terran Vehicle And Ship Armor Level 2  
  155  11:37  Marine x6  
  161  11:42  Widow Mine  
  161  11:45  Concussive Shells  
  163  11:47  Marine x3  
  163  11:48  Marauder  
  163  11:49  Refinery  
  163  11:53  Marauder x2  
  172  11:54  Marine, Widow Mine  
  172  11:58  Thor  
  172  11:59  Marine x2  
  183  12:01  Marine  
  183  12:02  Marine x2  
  183  12:07  Marine  
  187  12:09  Marauder  
  177  12:16  Medivac  
  177  12:17  Marine x4, Widow Mine  
  177  12:18  Barracks Tech Lab, Widow Mine  
  177  12:19  Marine x3, Marauder  
  192  12:23  Factory  
  192  12:36  SCV, Sensor Tower  
  193  12:37  SCV  
  193  12:39  Widow Mine  
  193  12:41  Marauder  
  193  12:42  Missile Turret  
  198  12:44  Missile Turret, Planetary Fortress  
  198  12:46  Marine, Marauder  
  198  12:48  Unknown  
  197  13:00  Missile Turret, Marine x2  
  197  13:01  SCV  
  197  13:03  Unknown, Marine  
  199  13:14  Factory Reactor  
  199  13:18  Widow Mine  
  199  13:22  Command Center x2  
  199  13:24  Command Center  
  199  13:37  Marine  
  200  13:44  Widow Mine x2  
  197  13:49  Command Center  
  192  13:57  SCV, Marauder  
  192  13:58  SCV x2  
  192  13:59  Marauder  
  192  14:01  Widow Mine  
  180  14:04  Marine  
  180  14:07  SCV x2, Marine x4  
  180  14:09  Widow Mine  
  183  14:11  Widow Mine x2, Thor  
  188  14:18  Marauder  
  188  14:20  Marine  
  188  14:21  Marauder  
  188  14:22  Widow Mine, Medivac  
  188  14:23  Marine x5  
  156  14:25  SCV x2  
  156  14:29  SCV x2, Marine  
  156  14:30  Widow Mine  
  157  14:34  SCV  
  157  14:36  Orbital Command  
  157  14:37  Marine  
  159  14:39  Marauder  
  159  14:40  Widow Mine  
  159  14:42  Marauder  
  159  14:44  Marine  
  166  14:46  Marine, Medivac  
  166  14:47  SCV  
  166  14:50  SCV  
  166  14:52  Medivac  
  171  15:01  Marauder  
  171  15:03  Marauder  
  171  15:04  Widow Mine  
  136  15:09  Marine  
  117  15:14  Marine, Widow Mine  
  117  15:16  Marine x3, Medivac  
  117  15:19  SCV x2  
  116  15:22  Medivac, Marauder  
  116  15:25  Marauder  
  108  15:34  Marine x2  
  110  15:36  Marine x2  
  110  15:37  SCV  
  101  15:42  Widow Mine  
  101  15:43  Marine x3  
  101  15:44  Marauder  
  101  15:45  Medivac  
  101  15:46  Marauder  
  101  15:49  SCV, Marine x2  
  110  15:50  Marine  
  110  15:51  Marine  
  110  15:52  SCV  
  115  16:01  Marine x2  
Show
View Real Time Build Order
Export as new Build Order

Solar Zerg - Winner!

Build Orders: Hatch First, Muta Ling Bane 

Get SALT Encoding   

  12  0:01  Drone  
  13  0:12  Overlord  
  13  0:17  Drone  
  14  0:31  Drone  
  14  0:32  Drone  
  16  0:48  Hatchery  
  15  0:51  Drone  
  15  0:55  Drone  
  17  1:00  Drone  
  18  1:09  Extractor  
  17  1:15  Spawning Pool  
  17  1:16  Drone  
  17  1:21  Drone  
  18  1:29  Drone  
  19  1:39  Drone  
  20  1:52  Overlord  
  20  2:02  Queen x2, Zergling x4  
  26  2:12  Drone x2  
  28  2:22  Hatchery  
  27  2:28  Drone  
  28  2:31  Metabolic Boost  
  28  2:33  Drone  
  28  2:36  Drone  
  29  2:39  Drone  
  30  2:46  Queen  
  30  2:49  Drone  
  33  2:53  Overlord  
  33  2:57  Drone  
  33  2:58  Drone  
  35  3:05  Overlord  
  35  3:12  Drone x3  
  38  3:13  Drone  
  38  3:15  Drone  
  38  3:18  Queen  
  42  3:24  Drone  
  43  3:29  Drone  
  43  3:34  Queen  
  44  3:36  Zergling x2  
  44  3:38  Zergling x2  
  44  3:40  Overlord  
  48  3:43  Drone x2, Zergling x4  
  48  3:46  Drone  
  53  3:51  Drone x2  
  53  3:54  Queen  
  57  3:58  Drone  
  57  4:00  Overlord  
  57  4:01  Zergling x4  
  61  4:02  Drone  
  61  4:04  Overlord  
  61  4:06  Drone  
  62  4:11  Overlord  
  62  4:14  Lair  
  62  4:15  Drone  
  63  4:18  Spore Crawler  
  63  4:22  Spore Crawler  
  63  4:23  Drone  
  62  4:24  Extractor  
  62  4:25  Extractor  
  62  4:27  Spore Crawler  
  62  4:28  Drone x3  
  62  4:29  Drone  
  63  4:33  Drone  
  63  4:38  Zergling x4  
  66  4:39  Drone x2  
  66  4:41  Baneling Nest  
  66  4:42  Drone  
  66  4:44  Drone x2  
  70  4:46  Drone x2  
  70  4:49  Drone  
  70  4:50  Drone  
  74  4:55  Overlord  
  74  4:58  Drone x2  
  74  4:59  Drone x2  
  78  5:03  Extractor, Drone x2  
  78  5:04  Drone  
  78  5:06  Drone  
  80  5:11  Drone  
  80  5:13  Overseer  
  81  5:15  Drone  
  81  5:16  Drone  
  81  5:18  Spire  
  81  5:19  Extractor  
  81  5:20  Extractor, Drone x2  
  82  5:23  Drone x2  
  82  5:25  Overlord  
  82  5:27  Drone  
  85  5:29  Drone  
  85  5:35  Zergling x8  
  90  5:40  Overlord  
  90  5:41  Overlord  
  90  5:43  Overlord  
  90  5:44  Centrifical Hooks  
  90  5:46  Zergling x4  
  90  5:48  Overlord  
  91  5:51  Drone  
  91  5:52  Overlord  
  91  5:56  Drone x3  
  95  6:02  Overlord  
  95  6:03  Overlord  
  95  6:05  Drone  
  95  6:06  Drone  
  95  6:10  Evolution Chamber  
  96  6:11  Evolution Chamber  
  96  6:12  Overlord  
  95  6:32  Hatchery, Mutalisk x8  
  110  6:37  Zergling x2  
  110  6:38  Zergling x8  
  115  6:43  Zerg Ground Armor Level 1  
  115  6:44  Zerg Melee Weapons Level 1  
  115  6:46  Baneling x3  
  115  6:47  Baneling  
  115  6:49  Baneling  
  115  6:50  Overlord  
  115  6:52  Zergling x8  
  119  6:54  Baneling x3  
  119  6:56  Zergling x4  
  121  7:02  Zergling x4  
  121  7:04  Baneling x3  
  121  7:07  Zergling x14  
  130  7:10  Zergling x6  
  129  7:17  Mutalisk x2  
  129  7:22  Mutalisk x2  
  125  7:24  Zergling x2  
  128  7:33  Zergling x6  
  131  7:37  Hatchery  
  131  7:39  Zergling x12  
  136  7:44  Drone  
  136  7:48  Zerg Flyer Weapons Level 1  
  136  7:49  Overlord  
  136  7:51  Drone  
  138  7:55  Drone  
  138  7:57  Baneling x3  
  139  7:58  Drone  
  139  7:59  Unknown  
  139  8:03  Pneumatized Carapace  
  140  8:05  Drone  
  140  8:06  Drone  
  140  8:09  Overlord  
  140  8:12  Mutalisk x5  
  143  8:17  Drone x3  
  154  8:20  Drone  
  154  8:21  Zergling x4  
  154  8:24  Overlord  
  157  8:29  Zergling x2  
  159  8:34  Drone x2  
  159  8:41  Drone, Overlord  
  160  8:43  Baneling x5  
  160  8:45  Zerg Ground Armor Level 2, Zerg Melee Weapons Level 2  
  160  8:46  Zergling x2  
  160  8:47  Zergling x16  
  170  8:50  Zergling x4  
  172  8:56  Hatchery  
  172  8:58  Zergling x6  
  172  9:01  Queen  
  175  9:06  Zergling x6  
  175  9:08  Baneling x13  
  178  9:10  Zergling x2  
  178  9:11  Zergling x2  
  178  9:12  Baneling  
  178  9:13  Baneling x2  
  178  9:14  Infestation Pit  
  178  9:15  Drone  
  180  9:17  Baneling x2  
  180  9:19  Zergling x2  
  180  9:22  Zergling x4  
  179  9:24  Baneling x10  
  179  9:26  Zergling x2  
  179  9:32  Zergling x2  
  179  9:33  Zergling x20  
  190  9:40  Overlord  
  190  9:41  Drone  
  190  9:44  Drone  
  192  9:46  Baneling x10  
  192  9:47  Overlord, Baneling x3  
  192  9:56  Overlord  
  192  9:59  Zergling x2  
  195  10:00  Zergling x4  
  195  10:01  Hive  
  195  10:06  Zergling x2  
  195  10:07  Zergling x20  
  195  10:14  Zergling x2  
  195  10:15  Zergling x6  
  195  10:19  Zergling x6  
  195  10:20  Zergling x4  
  198  10:23  Baneling x8  
  198  10:25  Zergling x4  
  198  10:27  Baneling x3  
  198  10:28  Baneling x4  
  197  10:30  Zergling x2  
  197  10:31  Zergling x2  
  197  10:34  Zergling x4  
  198  10:40  Zergling x2  
  198  10:41  Zergling x8  
  194  10:43  Mutalisk x2  
  194  10:48  Mutalisk x3  
  190  10:53  Zergling x4  
  190  10:56  Zergling x2  
  190  10:57  Zergling x2  
  157  11:00  Zergling x2  
  157  11:04  Zergling x4  
  154  11:05  Baneling x14  
  154  11:07  Hatchery  
  154  11:08  Drone x2  
  154  11:10  Drone  
  156  11:14  Baneling x4  
  156  11:17  Ultralisk Cavern, Zerg Melee Weapons Level 3, Zerg Ground Armor Level 3  
  156  11:18  Zergling x8  
  159  11:23  Zergling x4  
  159  11:24  Adrenal Glands  
  161  11:27  Zergling x2  
  161  11:28  Zergling x2  
  161  11:32  Zergling x4  
  168  11:40  Drone x3  
  168  11:50  Hatchery  
  167  11:56  Spore Crawler  
  167  11:57  Drone x3  
  167  12:00  Drone  
  170  12:04  Zergling x18  
  170  12:05  Zergling x6  
  182  12:10  Chitinous Plating  
  182  12:14  Zerg Flyer Weapons Level 2  
  182  12:15  Ultralisk x2  
  192  12:21  Ultralisk  
  197  12:33  Baneling x4  
  197  12:34  Zergling x2, Baneling x3  
  197  12:35  Zergling x4  
  200  12:37  Overseer  
  200  12:47  Hatchery, Overseer  
  197  13:06  Zergling x6  
  200  13:13  Baneling x5  
  200  13:26  Overseer  
  200  13:29  Anabolic Synthesis  
  200  13:40  Baneling x5  
  200  13:43  Zergling x2  
  200  13:44  Zergling x2  
  195  13:50  Zergling x14  
  195  13:51  Zergling x2  
  195  13:55  Zergling x4  
  195  13:56  Zergling x4  
  189  14:04  Ultralisk  
  189  14:05  Zergling x22  
  189  14:09  Zergling x2  
  200  14:12  Zergling x8  
  200  14:13  Baneling  
  200  14:14  Baneling x9  
  194  14:20  Zergling x32  
  197  14:27  Zergling x6  
  197  14:29  Zergling x6  
  199  14:32  Zergling x14  
  199  14:33  Zergling x4  
  199  14:36  Baneling  
  199  14:37  Baneling x29  
  199  14:45  Spore Crawler  
  198  14:49  Baneling x7  
  198  14:58  Zergling x8  
  160  15:08  Ultralisk  
  160  15:09  Ultralisk, Zergling x26  
  160  15:11  Corruptor x12  
  186  15:14  Zergling x2  
  186  15:15  Zergling x14  
  186  15:21  Zergling x10  
  194  15:25  Ultralisk x2  
  198  15:29  Zergling x4  
  196  15:35  Zergling x2  
  196  15:36  Zergling x6  
  196  15:38  Zergling x2  
  187  15:43  Zergling x14  
  187  15:44  Zergling x4  
  187  15:45  Zergling x2  
  187  15:46  Zergling x6  
  194  15:52  Zergling x8  
  194  15:53  Baneling x2  
  194  15:54  Baneling x5  
  194  15:55  Baneling x19  
  196  15:59  Drone x4  
  196  16:03  Overseer  
Tags
 
Add a new tag
Caveats
  • Supply blocks, unpowered buildings, or Contaminate may cause inaccurate times.
  • Supply counts are checked every 10 seconds.